 Dungeon Crawl Stone Soup version 0.29.1-12-g30fa7ad0bf (webtiles) character file.

Game seed: 8473398731906384853

6941 MysteronAgent905 the Covert (level 10, -7/129 HPs)
             Began as a Green Draconian Brigand on Dec 26, 2022.
             Was a High Priest of Makhleb.
             Mangled by a death knight
             ... wielding the +6 halberd of the Modern Souls {elec, Dex-3 SInv Stlth+}
              (23 damage)
             ... on level 8 of the Dungeon.
             The game lasted 00:44:58 (8177 turns).

MysteronAgent905 the Covert (DrBr)                  Turns: 8177, Time: 00:44:59

Health: -7/129     AC: 14    Str: 19    XL:     10   Next: 80%
Magic:  15/16      EV: 13    Int: 15    God:    Makhleb [*****.]
Gold:   381        SH:  0    Dex: 14    Spells: 12/17 levels left

rFire   . . .      SeeInvis .   o - +3 woodcutter's axe {vorpal}
rCold   . . .      Faith    +   (shield currently unavailable)
rNeg    . . .      Spirit   .   (body armour unavailable)
rPois   +          Reflect  .   (helmet restricted)
rElec   .          Harm     .   q - scarf {+Inv}
rCorr   .          Rampage  .   (no gloves)
Will    .....                   A - +2 pair of boots
Stlth   ..........              t - amulet of faith
HPRegen 0.31/turn               g - +6 ring of strength
MPRegen 0.15/turn               z - +4 ring of protection

@: berserking, short of breath, unable to drink, very quick
A: breathe noxious fumes, AC +7, unfitting armour, poison resistance,
cold-blooded, inability to drink after injury 1
a: Breathe Noxious Fumes, Renounce Religion, Evoke Invisibility, Minor
Destruction, Lesser Servant of Makhleb, Major Destruction, Greater Servant of
Makhleb


You were on level 8 of the Dungeon.
You worshipped Makhleb.
Makhleb was extremely pleased with you.
You visited 1 branch of the dungeon, and saw 8 of its levels.
You also visited: Ossuary.

You collected 381 gold pieces.

Inventory:

Hand Weapons
 a - a +2 dagger
 o - the +3 woodcutter's axe (weapon) {vorpal}
   (You found it on level 2 of the Dungeon)

   It inflicts extra damage upon your enemies.
Missiles
 d - 3 curare-tipped darts (quivered)
 u - 18 poisoned darts
 w - 3 throwing nets
Armour
 b - a +0 cloak
 q - a scarf of invisibility (worn)
 A - a +2 pair of boots (worn)
Jewellery
 g - a +6 ring of strength (left hand)
 r - a ring of fire
 t - an amulet of faith (around neck)
 z - a +4 ring of protection (right hand)
 E - a ring of positive energy
Wands
 f - a wand of flame (30)
 y - a wand of charming (9)
 C - a wand of mindburst (1)
 F - a wand of roots (5)
Scrolls
 c - a scroll of enchant armour
 n - 7 scrolls of teleportation
 v - a scroll of vulnerability
 J - a scroll of enchant weapon
 K - a scroll of identify
 L - a scroll of torment {unknown}
 N - a scroll of fog
 O - a scroll of poison
Potions
 e - 3 potions of ambrosia {unknown}
 h - 4 potions of heal wounds {unknown}
 i - a potion of attraction
 j - 3 potions of haste
 k - 3 potions of invisibility
 l - a potion of berserk rage
 m - 4 potions of curing {unknown}
 p - 4 potions of lignification {unknown}
 s - 4 potions of resistance
 x - 2 potions of flight {unknown}
 B - 2 potions of brilliance {unknown}
 D - 3 potions of might
 G - a potion of degeneration
 H - a potion of cancellation {unknown}
 I - 3 potions of magic {unknown}


   Skills:
 * Level 7.3 Fighting
 * Level 4.9 Short Blades
 * Level 5.3 Axes
 * Level 4.3 Throwing
 * Level 4.5 Dodging
 * Level 8.7 Stealth
 * Level 4.0 Spellcasting
 * Level 1.3 Translocations
 * Level 3.9 Ice Magic
 * Level 4.6 Invocations
 * Level 3.9 Evocations


You had 12 spell levels left.
You knew the following spells:

 Your Spells              Type           Power      Damage    Failure   Level
a - Frozen Ramparts       Ice            28%        1d5       11%         3
b - Blink                 Tloc           14%        N/A       16%         2

Your spell library contained the following spells:

 Spells                   Type           Power      Damage    Failure   Level
 Ice Form                 Ice/Tmut       8%         N/A       63%         4
 Summon Ice Beast         Ice/Summ       8%         N/A       63%         4
 Manifold Assault         Tloc           7%         N/A       96%         5
 Storm Form               Tmut/Air       1%         N/A       100%        7


Dungeon Overview and Level Annotations

Branches:
Dungeon (8/15)             Temple (0/1) D:5         Ossuary (visited)
   Lair: D:8-11

Altars:
Kikubaaqudgha
Makhleb
Yredelemnul
Zin

Shops:
D:6 *

Annotations:
D:8 1 transporter


Innate Abilities, Weirdness & Mutations

You can breathe blasts of noxious fumes.
Your lurid green scales are hard. (AC +7)
You cannot fit into any form of body armour.
Your system is resistant to poisons. (rPois)
You are cold-blooded and may be slowed by cold attacks.
You occasionally lose the ability to drink potions when taking damage.


Message History

Your shadow imp dies!
Your shadow imp dissolves into shadows!
The phantom hits you but does no damage.
The death knight chortles and stares into space.
The death knight hits itself with a +3 glaive of venom!
The death knight looks as sick as possible!
The death knight's dark mirror aura disappears.
The unseen horror zombie hits you but does no damage.
You slash the unseen horror zombie!
You destroy the unseen horror zombie!
Makhleb accepts your kill.
The death knight mumbles some strange prayers to Yredelemnul against you.
Your body is wracked with pain!
The death knight hits itself with a +3 glaive of venom!!
The death knight is killed!
Makhleb accepts your kill.
You feel better.
Your Fighting skill increases to level 7!
Your Spellcasting skill increases to level 4!
A red film seems to cover your vision as you go berserk!
You feel yourself moving faster!
You feel mighty!
The death knight hits you from afar with the +6 halberd of the Modern Souls {elec, Dex-3 SInv Stlth+}!!
The phantom hits you but does no damage.
You slice the phantom!!
You destroy the phantom!
Makhleb accepts your kill.
You feel better.
The death knight hits you from afar with the +6 halberd of the Modern Souls {elec, Dex-3 SInv Stlth+}!
The death knight closely misses you.
You slice the shadow!!
You destroy the shadow!
Makhleb accepts your kill.
You feel better.
The death knight hits you from afar with the +6 halberd of the Modern Souls {elec, Dex-3 SInv Stlth+}!!
You feel threatened and lose the ability to drink potions!
* * * LOW HITPOINT WARNING * * *
You are electrocuted!
* * * LOW HITPOINT WARNING * * *
The death knight hits you with the +6 halberd of the Modern Souls {elec, Dex-3 SInv Stlth+}!!
You die...

##.# #...# #.###.....
##..###...###.# ##...#
#.............#####'##
#................##.#
#..#############.##.##
#..#...........#....##
#..#)..........#.....#
##..#$.###.###..#......
#...#_@#8#.#8#..#.....#
#...#.p.........#....##
#..©#⌠....©.....#©...##
##..#).)........#......
##.#_.#8#.#8#..#.##.##
#.#..###.###..#.##.#
#.#...........#.##.#
#.#..........©#.##.#
#.#############.##.#


You could see a death knight (fast).

Vanquished Creatures
  A two-headed ogre (D:6)
  A death knight (D:8)
  An unseen horror zombie (D:8)
  A hornet (D:6)
  Prince Ribbit (D:7)
  A shadow (D:8)
  Menkaure (D:7)
  A water moccasin (D:6)
  Duvessa (D:7)
  3 ice beasts
  A black bear (D:5)
  2 orc warriors
  3 ogres
  A centaur (D:8)
  2 phantoms
  3 kobold brigands
  3 necrophages
  2 gnoll sergeants
  5 bullfrogs
  3 scorpions
  21 wights
  Dowan (D:7)
  4 killer bees (D:7)
  2 centaur zombies (Ossuary)
  A human zombie (Ossuary)
  2 hounds (D:5)
  A jelly (D:4)
  2 gnoll boudas (D:7)
  6 orc priests
  2 iguanas
  7 orc wizards
  3 mummies (Ossuary)
  20 gnolls
  9 adders
  3 white imps
  An ufetubus (D:5)
  2 worms
  3 dart slugs
  30 orcs
  6 ball pythons
  2 bats
  6 endoplasms
  7 giant cockroaches
  17 goblins
  6 hobgoblins
  8 jackals
  2 quokkas
  2 frilled lizards (D:2)
  2 gnoll zombies (Ossuary)
  2 goblin zombies (Ossuary)
  21 kobolds
  An orc zombie (Ossuary)
  2 rats
241 creatures vanquished.

Vanquished Creatures (collateral kills)
  A centaur (D:4)
  A wight (D:7)
2 creatures vanquished.

Vanquished Creatures (others)
  An orc priest (D:7)
  An orc (D:4)
  A giant cockroach (D:4)
3 creatures vanquished.

Grand Total: 246 creatures vanquished

Notes
Turn   | Place    | Note
-------+----------+-------------------------------------------
     0 | D:1      | MysteronAgent905 the Draconian Brigand began the quest for
                  | the Orb.
     0 | D:1      | Reached XP level 1. HP: 17/17 MP: 1/1
    92 | D:1      | Reached skill level 1 in Dodging
   272 | D:1      | Reached XP level 2. HP: 24/24 MP: 2/2
   297 | D:1      | Reached skill level 4 in Stealth
   430 | D:2      | Found a burning altar of Makhleb.
   489 | D:2      | Became a worshipper of Makhleb the Destroyer
   628 | D:2      | Reached XP level 3. HP: 20/30 MP: 3/3
   888 | D:2      | Noticed a gnoll sergeant
   888 | D:2      | Found the +3 woodcutter's axe {vorpal}
   910 | D:2      | Killed a gnoll sergeant
   911 | D:2      | Reached skill level 5 in Stealth
   911 | D:2      | Reached XP level 4. HP: 27/37 MP: 3/5
  1192 | D:2      | Reached skill level 1 in Spellcasting
  1192 | D:2      | Reached XP level 5. HP: 42/42 MP: 6/6
  1475 | D:1      | Found a faded altar of an unknown god.
  1705 | D:1      | Reached * piety under Makhleb
  2307 | D:3      | You fall into a shaft and drop 1 floor!
  2397 | D:4      | Reached skill level 1 in Invocations
  2488 | D:4      | Noticed a centaur
  2498 | D:4      | Killed a centaur
  2499 | D:4      | Reached skill level 1 in Axes
  2499 | D:4      | Reached XP level 6. HP: 19/51 MP: 7/7
  3056 | D:3      | Learned a level 3 spell: Frozen Ramparts
  3182 | D:4      | Reached ** piety under Makhleb
  3470 | D:4      | Your scales start taking on a lurid green colour.
  3470 | D:4      | Reached XP level 7. HP: 57/57 MP: 9/9
  3470 | D:4      | Gained mutation: Your system is resistant to poisons.
                  | (rPois) [Green Draconian growth]
  3620 | D:4      | Found a glowing silver altar of Zin.
  3620 | D:4      | Noticed an angel
  3667 | D:4      | Reached skill level 1 in Evocations
  3836 | D:5      | Entered Level 5 of the Dungeon
  3856 | D:5      | Reached skill level 6 in Stealth
  3922 | D:5      | Found a staircase to the Ecumenical Temple.
  3926 | D:5      | Reached skill level 1 in Ice Magic
  3954 | D:5      | Reached *** piety under Makhleb
  4118 | D:5      | Reached XP level 8. HP: 66/66 MP: 11/11
  4733 | D:6      | Found Utru's Serpentskin Sales.
  4913 | D:6      | Reached **** piety under Makhleb
  4950 | D:6      | Noticed a hornet
  4956 | D:6      | Killed a hornet
  5200 | D:6      | Reached skill level 5 in Fighting
  5200 | D:6      | Reached XP level 9. HP: 51/74 MP: 13/13
  5381 | D:6      | Noticed a two-headed ogre
  5408 | D:6      | Killed a two-headed ogre
  5409 | D:6      | Reached skill level 7 in Stealth
  5701 | D:7      | Noticed Prince Ribbit
  5719 | D:7      | Killed Prince Ribbit
  5740 | D:7      | Found a sand-covered staircase.
  5767 | Ossuary  | Entered an ossuary
  6302 | Ossuary  | Gained mutation: You occasionally lose the ability to drink
                  | potions when taking damage. [potion of mutation]
  6302 | Ossuary  | Gained mutation: You are partially covered in large bone
                  | plates. (SH +4) [potion of mutation]
  6303 | Ossuary  | Lost mutation: You are partially covered in large bone
                  | plates. (SH +4) [potion of mutation]
  6303 | Ossuary  | Lost mutation: You occasionally lose the ability to drink
                  | potions when taking damage. [potion of mutation]
  6303 | Ossuary  | Gained mutation: You possess an exceptional clarity of
                  | mind. [potion of mutation]
  6303 | Ossuary  | Gained mutation: You are robust. (+10% HP) [potion of
                  | mutation]
  6304 | Ossuary  | Lost mutation: You are robust. (+10% HP) [potion of
                  | mutation]
  6304 | Ossuary  | Lost mutation: You possess an exceptional clarity of mind.
                  | [potion of mutation]
  6304 | Ossuary  | Gained mutation: You have large cloven feet. [potion of
                  | mutation]
  6304 | Ossuary  | Gained mutation: You are frail. (-10% HP) [potion of
                  | mutation]
  6305 | Ossuary  | Lost mutation: You are frail. (-10% HP) [potion of
                  | mutation]
  6305 | Ossuary  | Lost mutation: You have large cloven feet. [potion of
                  | mutation]
  6305 | Ossuary  | Gained mutation: You occasionally lose the ability to drink
                  | potions when taking damage. [potion of mutation]
  6343 | D:7      | Reached XP level 10. HP: 74/83 MP: 15/15
  6476 | D:7      | Noticed Duvessa
  6480 | D:7      | Noticed Dowan
  6485 | D:7      | Killed Duvessa
  6489 | D:7      | Killed Dowan
  6593 | D:7      | Reached ***** piety under Makhleb
  6684 | D:7      | Learned a level 2 spell: Blink
  6958 | D:7      | Noticed Menkaure
  6967 | D:7      | Killed Menkaure
  7047 | D:7      | Reached skill level 8 in Stealth
  7137 | D:8      | Noticed a death knight
  7138 | D:8      | Found a basalt altar of Yredelemnul.
  7140 | D:8      | Found a transporter.
  7152 | D:8      | Found a transporter.
  7290 | D:8      | Reached skill level 5 in Axes
  7453 | D:8      | Identified the +6 halberd of the Modern Souls {elec, Dex-3
                  | SInv Stlth+}
  7470 | D:8      | Noticed a death knight
  7471 | D:8      | Found an ancient bone altar of Kikubaaqudgha.
  7724 | D:8      | Reached skill level 1 in Translocations
  8173 | D:8      | Killed a death knight
  8177 | D:8      | Mangled by a death knight

Illustrated notes

Levels and vault maps discovered:
D:1:      dpeg_arrival_round_b, layout_rooms, ebering_ecumenical_altar_box,
          chequers_serial_rivers_micro_e, minmay_misc_feat_columns,
          minmay_misc_feat_secret_circle
D:2:      layout_rooms, basic_altar, dreamdust_princess_bridge,
          pf_guarded_unrand_woodcutter
D:3:      layout_loops_cross
D:4:      layout_basic, zin_angel, minmay_goblin_outpost
D:5:      layout_basic, minmay_temple_entry_waves
D:6:      layout_basic, guppyfry_shop_venom
D:7:      layout_loops_ring, enter_ossuary_1, uniq_duvessa, uniq_menkaure,
          uniq_prince_ribbit1
D:8:      nicolae_cairo_tiling, layout_loops_corners,
          gammafunk_temple_of_torment, serial_shops, kennysheep_mini,
          chequers_serial_rivers_micro_a

Skill      XL: |  1  2  3  4  5  6  7  8  9 10 |
---------------+-------------------------------+-----
Dodging        | 1 2 3 4 |  4.5
Stealth        | 4 5 6 7 8 |  8.7
Throwing       | 2 3 4 |  4.3
Spellcasting   | 1 2 3 4 |  4.0
Invocations    | 1 2 3 4 |  4.6
Fighting       | 3 5 6 7 |  7.3
Axes           | 1 2 3 4 5 |  5.3
Evocations     | 1 2 3 |  3.9
Short Blades   | 3 4 |  4.9
Ice Magic      | 1 2 3 |  3.9
Translocations | 1 |  1.3

Action                   |  1- 3 |  4- 6 |  7- 9 | 10-12 || total
-------------------------+-------+-------+-------+-------++-------
Melee: Dagger            |    66 |    10 |       |       ||    76
       Tailslap          |    10 |     8 |    26 |    18 ||    62
       Battleaxe         |       |    75 |   167 |   131 ||   373
Throw: Dart              |    11 |    21 |     7 |       ||    39
       Throwing net      |       |       |     1 |       ||     1
 Cast: Frozen Ramparts   |       |       |     1 |       ||     1
Invok: Lesser Servant of |       |       |     1 |       ||     1
 Abil: Breathe Noxious F |       |       |    36 |    12 ||    48
Evoke: Wand              |       |     5 |    11 |     5 ||    21
  Use: Scroll            |     3 |     8 |     8 |     3 ||    22
       Potion            |       |       |     5 |     1 ||     6
 Stab: Sleeping          |     9 |    12 |     8 |    11 ||    40
       Confused          |       |       |     5 |     5 ||    10
       Invisible         |       |       |     2 |       ||     2
Armor: Skin              |    18 |    27 |    53 |    51 ||   149
Dodge: Dodged            |    35 |    43 |   109 |    84 ||   271
